 Dungeon Crawl Stone Soup version 0.31-a0-818-ge7c7cf74f0 (webtiles) character file.

Game seed: 16511776192541088508

1127 scionoferis the Ruffian (level 8, -4/70 HPs)
             Began as a Hill Orc Monk on Sept 22, 2023.
             Was a Priest of Beogh.
             Slain by a two-headed ogre
             ... wielding a +0 giant club
              (16 damage)
             ... on level 5 of the Dungeon.
             The game lasted 00:11:03 (4360 turns).

scionoferis the Ruffian (Hill Orc Monk)             Turns: 4360, Time: 00:11:04

Health: -4/70      AC:  7    Str: 22    XL:     8   Next: 35%
Magic:  12/12      EV: 11    Int: 10    God:    Beogh [***...]
Gold:   112        SH:  0    Dex: 13    Spells: 7/7 levels left

rFire   . .          .
                       - Unarmed
rCold   . . .        c - orb {light}
rNeg    . . .        n - +0 ring mail
rPois   .            q - +0 helmet
rElec   .            i - +0 cloak
rCorr   .            (no gloves)
SInv    .            (no boots)
Will    .....        (no amulet)
Stlth   +            e - ring of flight
HPRegen 0.31/turn    h - +6 ring of strength
MPRegen 0.13/turn

%: no passive effects
@: flying, glowing
A: no striking features
a: Renounce Religion, Smiting


You were on level 5 of the Dungeon.
You worshipped Beogh.
Beogh was most pleased with you.
You visited 1 branch of the dungeon, and saw 5 of its levels.

You collected 112 gold pieces.


   Skills:
 + Level 6.2 Fighting
 + Level 3.1 Armour
 - Level 2.4 Dodging
 * Level 7.5 Unarmed Combat
 * Level 6.5 Invocations


You had 7 spell levels left.
You didn't know any spells.
Your spell library contained the following spells:

 Spells                   Type           Power      Damage    Failure   Level
 Stone Arrow              Conj/Erth      0%         3d7       87%         3
 Animate Armour           Summ/Erth      0%         N/A       99%         4
 Cause Fear               Hex            0%         N/A       99%         4
 Fireball                 Conj/Fire      0%         3d3       100%        5
 Lehudib's Crystal Spear  Conj/Erth      0%         10d2      100%        8
 Dragon's Call            Summ           0%         N/A       100%        9

Inventory:

Hand Weapons
 b - a +1 sling
   (You found it on level 1 of the Dungeon)
Missiles
 d - 6 boomerangs
 f - 7 poisoned darts (quivered)
 z - 2 datura-tipped darts
Armour
 c - an orb of light (worn)
 i - a +0 cloak (worn)
   (You found it on level 1 of the Dungeon)
 n - a +0 ring mail (worn)
   (You found it on level 1 of the Dungeon)
 q - a +0 helmet (worn)
   (You took it off Robin on level 2 of the Dungeon)
Jewellery
 e - a ring of flight (left hand)
   (You found it on level 1 of the Dungeon)
 h - a +6 ring of strength (right hand)
   (You found it on level 1 of the Dungeon)
 A - a ring of wizardry
   (You found it on level 3 of the Dungeon)
Talismans
 C - a blade talisman
   (You found it on level 4 of the Dungeon)
Scrolls
 g - a scroll of vulnerability {unknown}
 j - 2 scrolls of amnesia
 l - 2 scrolls of identify {unknown}
 m - 2 scrolls of teleportation {unknown}
 o - a scroll of torment {unknown}
 p - a scroll of acquirement {unknown}
 r - a scroll of revelation {unknown}
 s - 3 scrolls of poison {unknown}
 t - 3 scrolls of enchant weapon
 u - a scroll of enchant armour {unknown}
 v - a scroll of silence {unknown}
 y - a scroll of noise {unknown}
 D - 2 scrolls of fear {unknown}
Potions
 a - 3 potions of ambrosia
 k - a potion of heal wounds {unknown}
 w - a potion of curing {unknown}
 x - a potion of degeneration {unknown}
 B - a potion of haste {unknown}
 E - a potion of mutation {unknown}

Dungeon Overview and Level Annotations

Branches:
Dungeon (5/15)
 Temple: D:4-7

Altars:
Ru

Annotations:
D:2 Jessica, Sigmund

....# #.# #[# #.# #.. .. ..#.#
#.# #.# ### #. #.#.# #.# #.# #.
....####.######.# # ####.
#...............####.## #....
#.#.####.#....)..))...#######....
#.#.# #.#.###[#.)..........#....
..#.# #.#.# #.#O####........O.<.
..... #.#.# #.#@##########h#....
..... #.#<# #...)†...# #.#....
#.#..# #.#.# ###.####.# #O#....
....# #.#.# #.# #.# #.####.
#.####.#####h# ## #......h.O...#
######.####### #.# #######O######


You could see a two-headed ogre.


Message History

There is an open door here.
There is a stone staircase leading down here.
There is a large open door here.
There is a large open door here.
There is a stone staircase leading up here.
You see here a +0 club.
You reach down and open the door.
You reach down and open the door.
There is an open door here.
Done exploring.
Done exploring.
There is an open door here.
There is a large open door here.
There is a large open door here.
There is a stone staircase leading down here.
You fly downwards.
Found 5 poisoned darts.
There is a stone staircase leading up here.
f - 7 poisoned darts (gained 5)
An orc comes into view. It is wielding a +0 hand axe.
The orc shouts!
b - a +0 sling (weapon)
You shoot a sling bullet. The sling bullet hits the orc.
The orc is severely wounded.
You shoot a sling bullet. The sling bullet hits the orc.
The orc is almost dead.
A quokka comes into view.
An orc comes into view. It is wielding a +0 flail.
You shoot a sling bullet. The sling bullet hits the orc.
You kill the orc!
Beogh accepts your kill.
You shoot a sling bullet.
The sling bullet hits the quokka but does no damage.
You shoot a sling bullet. The sling bullet hits the quokka!
You kill the quokka!
Beogh accepts your kill.
You are now empty-handed.
You hit the orc.
The orc is heavily wounded.
The orc misses you.
You completely miss the orc.
The orc is heavily wounded.
The orc hits you with a +0 flail!
You barely miss the orc.
The orc is heavily wounded.
The orc misses you.
You hit the orc.
The orc is severely wounded.
The orc closely misses you.
You hit the orc.
You kill the orc!
Beogh accepts your kill.
No target in view!
You start resting.
An orc comes into view. It is wielding a +0 club.
The orc shouts!
Things that are here:
a +0 flail; an orc corpse An orc is nearby!
You barely miss the orc. You barely miss the orc.
The orc hits you with a +0 club.
You hit the orc but do no damage. The orc closely misses you.
You hit the orc.
The orc is heavily wounded.
The orc misses you.
You hit the orc.
You kill the orc!
Beogh accepts your kill.
No target in view!
You start resting.
HP restored.
Items here: )) ††.
You see here a +0 hand axe.
Found 16 gold pieces.
Found a pink potion.
B - a pink potion
b - a +0 sling (weapon)
You now have 85 gold pieces (gained 16).
An adder comes into view.
The adder hisses angrily.
You shoot a sling bullet.
The sling bullet closely misses the adder.
You are now empty-handed.
You closely miss the adder. The adder barely misses you. x2
You punch the adder!
The adder is severely wounded.
The adder bites you.
You punch the adder!
You kill the adder!
Beogh accepts your kill.
Your Fighting skill increases to level 5!
No target in view!
b - a +0 sling (weapon)
Magic restored.
You see here an adder corpse.
Found an escape hatch in the ceiling.
A hound comes into view.
The hound barks!
You shoot a sling bullet.
The sling bullet barely misses the hound.
You shoot a sling bullet.
The sling bullet barely misses the hound.
An ogre comes into view. It is wielding a +0 giant club.
You are now empty-handed.
You hit the hound.
The hound is lightly wounded.
The hound bites you. x2
You hit the hound.
The hound is lightly wounded.
The hound barely misses you. The hound misses you.
You completely miss the hound.
The hound is lightly wounded.
The hound bites you but does no damage.
You hit the hound.
The hound is heavily wounded.
The hound bites you but does no damage.
You hit the hound but do no damage.
The hound is heavily wounded.
The hound barely misses you. The hound bites you but does no damage.
You punch the hound!
You kill the hound!
Beogh accepts your kill.
You can now gain orcish followers.
Your Invocations skill increases to level 3!
You have reached level 6!
Unknown command.
You hit the ogre.
The ogre is lightly wounded.
You punch the ogre!
The ogre is heavily wounded.
The ogre hits you with a +0 giant club!
You punch the ogre!
The ogre is severely wounded.
The ogre barely misses you.
You completely miss the ogre.
The ogre is severely wounded.
You completely miss the ogre.
The ogre is severely wounded.
A kobold comes into view. It is wielding a +0 dagger.
The ogre hits you with a +0 giant club!
The kobold shouts!
You hit the ogre.
The ogre is almost dead.
You hit the ogre.
You kill the ogre!
Beogh accepts your kill.
Your Armour skill increases to level 1!
An endoplasm comes into view.
A ball python comes into view.
The ball python hisses angrily.
You hit the kobold.
The kobold is severely wounded.
The kobold barely misses you.
You closely miss the kobold.
The kobold is severely wounded.
The kobold misses you.
You punch the kobold!
You kill the kobold!
Beogh accepts your kill.
You hit the ball python.
You kill the ball python!
Beogh accepts your kill. The endoplasm barely misses you.
Items here: )) ††.
You hit the endoplasm.
The endoplasm is lightly wounded.
The endoplasm hits you but does no damage.
You punch the endoplasm!
You kill the endoplasm!
Beogh accepts your kill.
Found a blade talisman.
Items here: )) ††.
You start resting.
HP restored.
Items here: )) ††.
Found a scroll labelled AKOBLU BAUB.
Found 8 gold pieces.
Found a scroll labelled BAUVAR TIRGH.
Found a scroll labelled AKOBLU BAUB.
You see here a blade talisman.
C - a blade talisman A worm comes into view.
You see here a scroll labelled AKOBLU BAUB.
b - a +0 sling (weapon)
You shoot a sling bullet.
The sling bullet barely misses the worm.
You shoot a sling bullet. The sling bullet hits the worm.
The worm is moderately wounded.
You shoot a sling bullet.
The sling bullet hits the worm but does no damage.
The worm is lightly wounded.
You shoot a sling bullet. The sling bullet hits the worm.
The worm is moderately wounded.
You shoot a sling bullet. The sling bullet hits the worm.
The worm is severely wounded.
You shoot a sling bullet.
The sling bullet hits the worm but does no damage.
The worm is heavily wounded.
The worm bites you.
You are now empty-handed.
You hit the worm.
The worm is severely wounded.
The worm closely misses you.
You punch the worm!
You kill the worm!
Beogh accepts your kill.
No target in view!
b - a +0 sling (weapon)
t - 2 scrolls labelled AKOBLU BAUB (gained 1)
Found a stone staircase leading up.
You now have 93 gold pieces (gained 8).
t - 3 scrolls labelled AKOBLU BAUB (gained 1)
Found a stone staircase leading down.
A gnoll comes into view. It is wielding a +0 whip.
The gnoll shouts!
You hear a shout!
A gnoll comes into view. It is wielding a +0 club.
You see here a scroll labelled BAUVAR TIRGH.
You shoot a sling bullet.
The sling bullet closely misses the gnoll.
You shoot a sling bullet. The sling bullet hits the gnoll!
The gnoll is heavily wounded.
You are now empty-handed.
You hit the gnoll but do no damage.
The gnoll is heavily wounded.
The gnoll barely misses you.
You hit the gnoll.
You kill the gnoll!
Beogh accepts your kill.
Your Unarmed Combat skill increases to level 6!
You punch the gnoll!
The gnoll is severely wounded.
The gnoll closely misses you.
You hit the gnoll but do no damage.
The gnoll is severely wounded.
The gnoll hits you with a +0 club.
You punch the gnoll!
You kill the gnoll!
Beogh accepts your kill.
Things that are here:
a +0 club; a +0 whip; a gnoll corpse
b - a +0 sling (weapon)
D - a scroll labelled BAUVAR TIRGH You now have 101 gold pieces (gained 8).
You pick up a book of Armaments and begin reading...
You add the spells Stone Arrow, Animate Armour and Lehudib's Crystal Spear to your library.
a - 2 potions of ambrosia (gained 1)
A dart slug and a hound come into view.
The hound barks!
You hear a shout! 2 gnolls come into view.
The gnoll shouts!
You shoot a sling bullet. The sling bullet hits the hound.
The hound is moderately wounded.
You are now empty-handed.
The hound bites you.
You hit the hound.
The hound is heavily wounded.
The hound bites you. The hound attacks as it pursues you!
The hound closely misses you. The hound bites you.
The gnoll attacks as it pursues you! The gnoll closely misses you.
The hound bites you.
You punch the hound!
You kill the hound!
Beogh accepts your kill.
You hit the gnoll.
The gnoll is moderately wounded.
The gnoll misses you.
You punch the gnoll!
The gnoll is severely wounded.
You hit the gnoll.
The gnoll is almost dead.
You barely miss the gnoll. The gnoll closely misses you.
The gnoll hits you with a +0 club.
You barely miss the gnoll.
The gnoll is almost dead.
The gnoll barely misses you. The gnoll hits you but does no damage.
You hit the gnoll.
You kill the gnoll!
Beogh accepts your kill. The gnoll hits you with a +0 club.
You punch the gnoll!
The gnoll is almost dead.
The gnoll completely misses you.
You hit the gnoll but do no damage.
The gnoll is almost dead.
The gnoll completely misses you.
You punch the gnoll!
You kill the gnoll!
Beogh accepts your kill.
Your Invocations skill increases to level 4!
You start resting.
A dart slug is nearby!
You punch the dart slug!
You kill the dart slug!
Beogh accepts your kill.
Things that are here:
a +0 club; a gnoll corpse; a hound corpse
Things that are here:
a +0 halberd; a gnoll corpse
Things that are here:
a +0 club; a gnoll corpse; a hound corpse
l - 2 scrolls labelled ANEGGU VIWI (gained 1)
b - a +0 sling (weapon)
HP restored.
Found a stone staircase leading up.
An endoplasm comes into view.
You shoot a sling bullet. The sling bullet hits the endoplasm.
The endoplasm is lightly wounded.
You shoot a sling bullet. The sling bullet hits the endoplasm.
The endoplasm is severely wounded.
You shoot a sling bullet. The sling bullet hits the endoplasm.
You kill the endoplasm!
Beogh accepts your kill.
No target in view!
Found a stone staircase leading down.
Found an escape hatch in the floor.
There is a stone staircase leading down here.
There is a stone staircase leading down here.
Found a blade talisman.
You see here a blade talisman.
An iguana comes into view.
The iguana hisses angrily.
You shoot a sling bullet.
The sling bullet barely misses the iguana.
You shoot a sling bullet.
The sling bullet closely misses the iguana.
You shoot a sling bullet.
The sling bullet hits the iguana but does no damage.
You are now empty-handed.
You barely miss the iguana. The iguana completely misses you.
You hit the iguana.
The iguana is moderately wounded.
The iguana barely misses you.
You hit the iguana but do no damage.
The iguana is lightly wounded.
The iguana barely misses you.
You hit the iguana.
The iguana is moderately wounded.
The iguana misses you.
You hit the iguana.
The iguana is heavily wounded.
The iguana bites you!
You hit the iguana.
The iguana is almost dead.
The iguana barely misses you.
You hit the iguana but do no damage.
The iguana is almost dead.
The iguana bites you!
You barely miss the iguana.
The iguana is almost dead.
You hit the iguana but do no damage.
The iguana is almost dead.
The iguana bites you.
You barely miss the iguana.
The iguana is almost dead.
The iguana bites you.
You hit the iguana.
You kill the iguana!
Beogh accepts your kill.
You see here an iguana corpse.
b - a +0 sling (weapon)
Found a stone staircase leading down.
You see here an iguana corpse.
A hobgoblin comes into view.
The hobgoblin shouts!
You shoot a sling bullet.
The sling bullet hits the hobgoblin but does no damage.
You shoot a sling bullet.
The sling bullet barely misses the hobgoblin.
You shoot a sling bullet. The sling bullet hits the hobgoblin.
You kill the hobgoblin!
Beogh accepts your kill.
No target in view!
You see here a hobgoblin corpse.
Found a short sword.
Found a sacrificial altar of Ru.
Eustachio the Magnificent comes into view.
He is wielding a +2 rapier of draining.
Eustachio shouts!
You are now empty-handed.
You hit Eustachio.
Eustachio is lightly wounded.
Eustachio hits you with a +2 rapier of draining.
You feel drained.
You punch Eustachio!
Eustachio is moderately wounded.
Eustachio hits you with a +2 rapier of draining.
You feel drained.
You hit Eustachio.
Eustachio is heavily wounded.
Eustachio gestures wildly while chanting.
Eustachio blinks!
Eustachio hits you with a +2 rapier of draining.
You feel drained.
An adder comes into view.
You punch Eustachio!
Eustachio is heavily wounded.
Eustachio casts a spell.
Eustachio blinks!
Unknown command.
There is a sacrificial altar of Ru here.
The adder bites you but does no damage.
Eustachio screams, "This atrocity can only be purified with blood!"
Eustachio gestures wildly while chanting.
Eustachio blinks!
The adder bites you but does no damage. The adder attacks as it pursues you!
The adder misses you. The adder barely misses you.
A hound comes into view.
The adder attacks as it pursues you! The adder barely misses you.
The adder barely misses you.
You hit the hound.
The hound is lightly wounded.
The hound misses you. The adder closely misses you.
You closely miss the hound.
The hound is lightly wounded.
The hound bites you but does no damage. The adder bites you but does no damage.
You hit the hound.
The hound is moderately wounded.
The hound bites you. The adder closely misses you. The hound barely misses you.
You hit the adder.
The adder is moderately wounded.
The adder completely misses you. The hound bites you but does no damage.
You hit the adder.
The adder is severely wounded.
The hound bites you but does no damage. The adder bites you.
You are poisoned.
The adder poisons you!
You hit the adder.
You kill the adder!
Beogh accepts your kill.
You feel sick. The hound bites you. The hound bites you but does no damage.
You have reached level 7!
You hit the hound.
The hound is heavily wounded.
You feel sick.
The hound stops to sniff the ground.
The hound bites you.
You hit the hound.
The hound is severely wounded.
You feel sick. The hound barely misses you.
Eustachio mumbles some strange words.
Eustachio blinks!
The hound bites you but does no damage.
You hit the hound.
The hound is severely wounded.
You feel sick. The hound barely misses you.
You hit the hound but do no damage.
The hound is severely wounded.
The hound bites you but does no damage.
You hit the hound.
The hound is almost dead.
You feel sick. The hound bites you but does no damage.
The hound barely misses you.
You barely miss the hound.
The hound is almost dead.
You feel sick.
You are no longer poisoned.
The hound bites you but does no damage.
You hit the hound.
You kill the hound!
Beogh accepts your kill.
You punch Eustachio!
Eustachio is severely wounded.
Eustachio casts a spell.
Eustachio blinks!
Eustachio casts a spell.
There is a stone staircase leading up here.
You fly upwards.
There is a stone staircase leading down here.
You start resting.
HP restored.
You fly downwards.
Level annotation: Eustachio
There is a stone staircase leading up here.
Eustachio casts a spell.
Eustachio gestures wildly while chanting.
The river rat completely misses you.
You hit Eustachio.
Eustachio is severely wounded.
The rat disappears in a puff of smoke!
The bat closely misses you.
Eustachio gestures wildly while chanting.
Eustachio blinks!
The river rat closely misses you. The bat hits you but does no damage.
Eustachio casts a spell.
Eustachio blinks!
The bat misses you. The river rat barely misses you.
The bat hits you but does no damage. The river rat barely misses you.
The quokka bites you but does no damage.
There is a stone staircase leading up here.
The bat closely misses you. The river rat barely misses you.
The quokka closely misses you.
You fly upwards.
There is a stone staircase leading down here.
You fly downwards.
Level annotation: Eustachio The river rat closely misses you.
The quokka barely misses you.
Eustachio hits you with a +2 rapier of draining!
You feel drained.
The river rat bites you but does no damage.
The river rat barely misses you.
The quokka bites you but does no damage.
There is a stone staircase leading up here.
You punch Eustachio!
Eustachio is almost dead.
Eustachio completely misses you.
The river rat bites you but does no damage. x2
The quokka bites you.
You hit Eustachio.
You kill Eustachio!
Beogh accepts your kill.
The quokka disappears in a puff of smoke!
The river rat disappears in a puff of smoke! x2
The bat disappears in a puff of smoke!
Your life force feels restored.
Your Armour skill increases to level 2!
Things that are here:
a +2 rapier of draining; a +0 leather armour HP restored.
There is a stone staircase leading up here.
Things that are here:
a +0 dagger; a +0 giant club You see here a +0 halberd.
Done exploring.
b - a +0 sling (weapon)
Done exploring.
Search for what [Enter for "d:", or ? for help]? d: Unknown command.
You see here a +0 short sword.
You see here a hobgoblin skeleton.
There is a stone staircase leading down here.
You fly downwards.
Dowan shouts!
Found a book of the Dragon.
Found an escape hatch in the floor.
Found a stone staircase leading up.
There is a stone staircase leading up here.
You shoot a sling bullet. The sling bullet hits Dowan.
Dowan is lightly wounded.
You shoot a sling bullet. The sling bullet closely misses Dowan.
You shoot a sling bullet. The sling bullet hits Dowan!
Dowan is heavily wounded.
Dowan casts a spell at something.
Duvessa, Sister of Dowan comes into view.
She is wielding a +0 short sword.
Duvessa shouts!
You shoot a sling bullet. The sling bullet barely misses Dowan.
Dowan points at you and mumbles some strange words.
The puff of frost hits you.
You are now empty-handed.
Duvessa says, "My weaknesses are his strengths!"
Duvessa hits you with a +0 short sword!
You fly upwards.
There is a stone staircase leading down here.
There is a stone staircase leading down here.
You start resting.
HP restored.
You fly downwards.
Level annotation: Dowan, Duvessa The ogre shouts!
Dowan casts a spell at you. The puff of frost hits you!
Duvessa gestures with her weapon.
Duvessa barely misses you.
Found a robe.
There is a stone staircase leading up here.
Duvessa hits you with a +0 short sword.
You fly upwards.
There is a stone staircase leading down here.
Unknown command.
You see here a blade talisman.
You see here a +0 club.
HP restored.
There is a stone staircase leading down here.
You fly downwards.
Level annotation: Dowan, Duvessa
Found a black potion and a scroll labelled AKOBLU BAUB.
There is a stone staircase leading up here.
t - 4 scrolls labelled AKOBLU BAUB (gained 1)
There is a stone staircase leading up here.
As you read the scroll labelled AKOBLU BAUB, it crumbles to dust.
It is a scroll of enchant weapon.
Your +0 sling glows red for a moment.
As you read the scroll labelled BACEAH ITIMAI, it crumbles to dust.
It is a scroll of amnesia.
You feel forgetful for a moment.
E - a black potion A sleepcap comes into view.
b - a +1 sling (weapon)
You are now empty-handed.
You hit the sleepcap.
The sleepcap is moderately damaged.
The sleepcap releases spores at you!
You punch the sleepcap!
The sleepcap is heavily damaged.
The sleepcap releases spores at you!
You hit the sleepcap but do no damage.
The sleepcap is heavily damaged.
The sleepcap barely misses you.
You hit the sleepcap but do no damage.
The sleepcap is heavily damaged.
The sleepcap releases spores at you.
You are engulfed in a cloud of soporific spores!
You fall asleep.
The sleepcap releases spores at you!
You wake up.
You punch the sleepcap!
The sleepcap is almost destroyed.
You hit the sleepcap but do no damage.
The sleepcap is almost destroyed.
The sleepcap releases spores at you but does no damage.
You hit the sleepcap.
You destroy the sleepcap!
Beogh accepts your kill.
Your Invocations skill increases to level 5!
HP restored.
Found a stone staircase leading down.
An iguana comes into view.
The iguana hisses angrily.
b - a +1 sling (weapon)
You shoot a sling bullet. The sling bullet hits the iguana.
The iguana is heavily wounded.
You are now empty-handed.
You hit the iguana.
The iguana is severely wounded.
The iguana bites you!
You hit the iguana but do no damage.
The iguana is severely wounded.
You barely miss the iguana.
The iguana is severely wounded.
The iguana misses you.
You barely miss the iguana.
The iguana is heavily wounded.
The iguana bites you!
You punch the iguana!
You kill the iguana!
Beogh accepts your kill.
b - a +1 sling (weapon)
You start resting.
HP restored.
You now have 112 gold pieces (gained 11).
A jelly comes into view.
The jelly quivers.
You see here a scroll labelled BAUVAR TIRGH.
You shoot a sling bullet. The sling bullet hits the jelly.
The jelly is lightly wounded.
You shoot a sling bullet. The sling bullet hits the jelly.
The jelly is heavily wounded.
You shoot a sling bullet. The sling bullet hits the jelly.
The jelly is severely wounded.
You shoot a sling bullet. The sling bullet hits the jelly.
The jelly is almost dead.
The jelly hits you. The acid corrodes you!
You are splashed with acid!
You are now empty-handed.
The jelly misses you.
You punch the jelly!
You kill the jelly!
Beogh accepts your kill.
No target in view!
You start resting.
You are no longer corroded.
You start resting.
HP restored.
D - 2 scrolls labelled BAUVAR TIRGH (gained 1)
An ice beast comes into view.
b - a +1 sling (weapon)
You shoot a sling bullet.
The sling bullet closely misses the ice beast.
You are now empty-handed.
You completely miss the ice beast. The ice beast hits you.
The ice beast freezes you!
You barely miss the ice beast. The ice beast barely misses you.
You hit the ice beast.
The ice beast is lightly wounded.
The ice beast hits you but does no damage.
You completely miss the ice beast.
The ice beast is lightly wounded.
The ice beast hits you. The ice beast freezes you!
You are too injured to fight recklessly!
You are too injured to fight recklessly!
You hit the ice beast.
The ice beast is moderately wounded.
The ice beast hits you but does no damage.
You hit the ice beast but do no damage.
The ice beast is moderately wounded.
You hit the ice beast but do no damage.
The ice beast is moderately wounded.
The ice beast barely misses you.
You hit the ice beast.
The ice beast is heavily wounded.
The ice beast hits you. The ice beast freezes you.
You barely miss the ice beast.
The ice beast is heavily wounded.
The ice beast barely misses you.
You hit the ice beast.
The ice beast is severely wounded.
The ice beast hits you but does no damage.
You punch the ice beast!
The ice beast is almost dead.
The ice beast hits you. The ice beast freezes you.
* * * LOW HITPOINT WARNING * * *
You punch the ice beast!
You kill the ice beast!
Beogh accepts your kill.
You start resting.
Magic restored.
You start resting.
HP restored.
b - a +1 sling (weapon)
Duvessa shouts!
Dowan shouts!
Press: ? - help, v - describe, . - travel
Here: Duvessa, wielding a +0 short sword and wearing a +0 ring mail The floor, spattered with blood.
You shoot a sling bullet.
The sling bullet closely misses Duvessa.
The sling bullet closely misses Dowan.
Dowan smirks and points a slender finger.
You shoot a sling bullet. The sling bullet hits Duvessa.
Duvessa is lightly wounded.
You are now empty-handed.
You hit Duvessa.
Duvessa is lightly wounded.
Duvessa barely misses you.
You hit Duvessa but do no damage.
Duvessa is lightly wounded.
Duvessa hits you with a +0 short sword.
You hit Duvessa.
Duvessa is lightly wounded.
Duvessa hits you but does no damage.
You hit Duvessa.
Duvessa is moderately wounded.
Duvessa barely misses you.
Dowan gestures wildly while chanting.
Dowan blinks!
You hit Duvessa.
Duvessa is moderately wounded.
Duvessa hits you but does no damage.
You barely miss Duvessa.
Duvessa is moderately wounded.
You hit Duvessa but do no damage.
Duvessa is moderately wounded.
Duvessa hits you with a +0 short sword.
You punch Duvessa!
Duvessa is heavily wounded.
Duvessa hits you with a +0 short sword!
You punch Duvessa!
Duvessa is severely wounded.
Duvessa hits you but does no damage.
You hit Duvessa.
Duvessa is severely wounded.
Duvessa hits you with a +0 short sword.
You hit Duvessa.
Duvessa is almost dead.
Duvessa barely misses you.
Dowan gestures wildly while chanting.
Dowan blinks!
You hit Duvessa.
Duvessa is almost dead.
Unknown command.
You hit Duvessa.
You kill Duvessa!
Beogh accepts your kill.
Dowan's eyes darken. "You have made a grave mistake."
Dowan seems to find hidden reserves of power!
Dowan shakes with grief.
Dowan closely misses you. Dowan hits you with a +0 dagger.
Your Fighting skill increases to level 6!
Your Unarmed Combat skill increases to level 7!
You have reached level 8!
You barely miss Dowan. Dowan hits you but does no damage.
You hit Dowan but do no damage. Dowan hits you with a +0 dagger.
You hit Dowan.
Dowan is lightly wounded.
Dowan hits you but does no damage. Dowan completely misses you.
You punch Dowan!
Dowan is heavily wounded.
Dowan hits you but does no damage.
You hit Dowan.
Dowan is almost dead.
Dowan closely misses you.
You barely miss Dowan.
Dowan is almost dead.
Dowan gestures wildly while chanting.
Dowan blinks!
Unknown command.
Unknown command.
Aiming: Smiting
Press: ? - help, Dir - move target, f - Dowan Smite: Dowan, wielding a +0 dagger and wearing a +0 robe (almost dead, fast)
You smite Dowan!!
You kill Dowan!
Beogh accepts your kill.
Your Invocations skill increases to level 6!
You start resting.
Magic restored.
Things that are here:
a +0 short sword; a +0 ring mail; the elf corpse of Duvessa
Things that are here:
a +0 dagger; a +0 robe
b - a +1 sling (weapon)
HP restored.
An iguana comes into view.
The iguana hisses angrily.
You shoot a sling bullet. The sling bullet hits the iguana.
The iguana is lightly wounded.
You shoot a sling bullet. The sling bullet hits the iguana.
The iguana is moderately wounded.
You are now empty-handed.
You completely miss the iguana.
The iguana is lightly wounded.
The iguana barely misses you.
You hit the iguana but do no damage.
The iguana is lightly wounded.
The iguana closely misses you.
You hit the iguana.
The iguana is moderately wounded.
The iguana bites you.
You punch the iguana!
The iguana is almost dead.
The iguana bites you but does no damage.
You hit the iguana.
You kill the iguana!
Beogh accepts your kill.
b - a +1 sling (weapon)
An ufetubus and an iguana come into view.
You shoot a sling bullet.
The sling bullet hits the ufetubus but does no damage.
You are now empty-handed.
The ufetubus hits you but does no damage.
The ufetubus misses you.
You hit the ufetubus but do no damage. The ufetubus hits you.
The ufetubus hits you but does no damage.
You barely miss the ufetubus. The ufetubus barely misses you.
The ufetubus hits you but does no damage.
You punch the ufetubus!
You kill the ufetubus!
Beogh accepts your kill.
You hit the iguana but do no damage. The iguana closely misses you.
You hit the iguana.
The iguana is lightly wounded.
You punch the iguana!
The iguana is severely wounded.
The iguana completely misses you.
You punch the iguana!
You kill the iguana!
Beogh accepts your kill.
No target in view!
b - a +1 sling (weapon)
A two-headed ogre and an orc warrior come into view.
Found a manual of Maces & Flails.
The two-headed ogre shouts in stereo!
You hear an angry hiss.
You hear a shout!
An iguana comes into view.
You hear an angry growl.
You hear a howl!
You hear a shout!
An ufetubus comes into view.
You hear an angry hiss.
A howler monkey comes into view.
An ufetubus comes into view.
A black bear comes into view.
The ufetubus shouts!
The ufetubus attacks as it pursues you!
The ufetubus hits you but does no damage. x2
The howler monkey hoots and howls with incredible vigour!
The ufetubus misses you. The ufetubus hits you.
You hear a shout! x5
The ufetubus attacks as it pursues you! The ufetubus barely misses you. x2
The ufetubus hits you but does no damage.
The ufetubus closely misses you. The ufetubus attacks as it pursues you!
The ufetubus hits you. x2
The ufetubus closely misses you. x2
The ufetubus closely misses you. The ufetubus barely misses you.
The ufetubus attacks as it pursues you! The ufetubus barely misses you.
The ufetubus hits you. The ufetubus attacks as it pursues you!
The ufetubus misses you. The ufetubus barely misses you.
The ufetubus attacks as it pursues you!
The ufetubus hits you but does no damage.
The ufetubus closely misses you.
The ufetubus hits you but does no damage. x2
The ufetubus attacks as it pursues you! The ufetubus closely misses you. x4
The ufetubus hits you but does no damage.
The ufetubus closely misses you. The ufetubus attacks as it pursues you!
The ufetubus hits you but does no damage. x2
The ufetubus hits you but does no damage.
The ufetubus barely misses you.
There is a stone staircase leading up here.
The ufetubus barely misses you. The ufetubus hits you.
The ufetubus barely misses you. x2
You fly upwards.
There is a stone staircase leading down here.
You are now empty-handed.
You closely miss the ufetubus.
The ufetubus hits you but does no damage.
The ufetubus barely misses you. The ufetubus closely misses you.
The ufetubus barely misses you.
You completely miss the ufetubus. The ufetubus completely misses you.
The ufetubus closely misses you.
You hit the ufetubus but do no damage.
The ufetubus hits you but does no damage. x2
You punch the ufetubus!
You kill the ufetubus!
Beogh accepts your kill.
No target in view!
You see here a +0 club.
HP restored.
You see here a blade talisman.
There is a stone staircase leading down here.
You fly downwards.
There is a stone staircase leading up here.
You pick up a book of the Dragon and begin reading...
You add the spells Cause Fear, Fireball and Dragon's Call to your library.
You see here a +0 robe.
a - 3 potions of ambrosia (gained 1)
Found a serpent talisman.
The orc stares at you in amazement and kneels.
It shouts, "Surely Beogh must have sent you!"
An orc comes into view. It is wielding a +0 short sword.
Something barely misses your orc.
Your orc hits something with a +0 short sword.
The orc wizard falls on its knees before you.
It shouts, "I'll follow thee gladly!"
An orc wizard comes into view. It is wielding a +0 dagger.
Your orc wizard moves out of view.
An orc comes into view. It is wielding a +4 flail.
Your orc wizard points at the orc and mumbles some strange words.
The magic dart hits the orc!
The orc dies!
Beogh accepts your kill. The orc falls on its knees before you.
An orc comes into view. It is wielding a +0 whip.
Your orc moves out of view.
Found an escape hatch in the ceiling.
You swap places.
Things that are here:
a +0 robe; a +0 dagger You see here a +4 flail.
What are your orders? t - Shout!
Orders for allies: a - Attack new target. r - Retreat! s - Stop attacking. g - Guard the area. f - Follow me.
Anything else - Cancel.
Follow me!
The orc priest relaxes its fighting stance and smiles at you.
It shouts, "Surely Beogh must have sent you!"
An orc priest comes into view. It is wielding a +0 club.
Your orc priest moves out of view.
An arrow appears from out of your range of vision.
The arrow hits your orc priest!
You swap places.
You see here a +0 whip.
You hit the orc warrior but do no damage.
The orc warrior unwields a +0 orcbow.
The orc warrior wields a +0 halberd.
The orc warrior hits you with a +0 halberd!
You hit the orc warrior.
The orc warrior is lightly wounded.
Your orc priest looks encouraged for a moment.
The orc warrior hits you with a +0 halberd.
You hit the orc warrior.
The orc warrior is moderately wounded.
You barely miss the orc warrior.
The orc warrior is moderately wounded.
The orc warrior hits you with a +0 halberd!
You hit the orc warrior.
The orc warrior is heavily wounded.
The orc warrior hits you with a +0 halberd.
You punch the orc warrior!
The orc warrior is severely wounded.
The orc warrior hits you with a +0 halberd.
The howler monkey howls!
You punch the orc warrior!
You kill the orc warrior!
Beogh accepts your kill.
Beogh blesses your orc priest with healing.
Your orc wizard points at thin air and mumbles some strange words.
Your Armour skill increases to level 3!
The howler monkey hoots and howls with incredible vigour!
You hear a shout! x2
Things that are here:
a +0 halberd; a +0 orcbow; a +0 chain mail Your orc priest looks braver for a moment.
You hear two shouts!
You punch the howler monkey!
The howler monkey is severely wounded.
The howler monkey barely misses you.
You barely miss the howler monkey.
The howler monkey is severely wounded.
The howler monkey hits you.
You hit the howler monkey.
You kill the howler monkey!
Beogh accepts your kill.
You see here a howler monkey corpse.
Things that are here:
a +0 halberd; a +0 orcbow; a +0 chain mail The two-headed ogre shouts in stereo!
You see here a +0 whip.
You hit the two-headed ogre.
The two-headed ogre is heavily wounded.
Press: ? - help, v - describe, . - travel
Here: a two-headed ogre, wielding two +0 giant clubs (heavily wounded, haloed)
The floor.
You hit the two-headed ogre.
The two-headed ogre is severely wounded.
The two-headed ogre hits you with a +0 giant club!!
* * * LOW HITPOINT WARNING * * *
The two-headed ogre hits you with a +0 giant club!
You die...

Skill      XL: |  1  2  3  4  5  6  7  8 |
---------------+-------------------------+-----
Fighting       | 4 5 6 |  6.2
Unarmed Combat | 4 5 6 7 |  7.5
Invocations    | 1 3 4 5 6 |  6.5
Armour         | 1 2 3 |  3.1
Dodging        | |  2.4

Action                     |  1- 3 |  4- 6 |  7- 9 || total
---------------------------+-------+-------+-------++-------
  Melee: Unarmed           |    73 |   136 |    83 ||   292
   Fire: Sling             |    12 |    50 |    15 ||    77
 Invoke: Convert to Beogh  |     1 |       |       ||     1
         Smiting           |       |       |     1 ||     1
    Use: Scroll            |       |       |     2 ||     2
 Armour: Robe              |    31 |       |       ||    31
         Ring mail         |    17 |    75 |    77 ||   169
  Dodge: Dodged            |    60 |    70 |    62 ||   192

Levels and vault maps discovered:
D:1:      nicolae_arrival_somewhat_less_tricky_arrival, layout_basic,
          chequers_mini_garden
D:2:      layout_basic, eino_tiny_chamber, minmay_misc_feat_nine_boxes,
          reono_crystal_passage, uniq_jessica, uniq_sigmund,
          uniq_crazy_yiuf_cottage
D:3:      layout_basic, uniq_robin
D:4:      layout_rooms, old_standard_altar, st_stairs_6, uniq_eustachio
D:5:      layout_loops_ring, minmay_manual_mail, uniq_ijyb, uniq_duvessa

Notes
Turn   | Place    | Note
-------+----------+-------------------------------------------
     0 | D:1      | scionoferis the Hill Orc Monk began the quest for the Orb.
     0 | D:1      | Reached XP level 1. HP: 19/19 MP: 1/1
   142 | D:1      | Reached XP level 2. HP: 19/27 MP: 2/2
   250 | D:1      | Reached skill level 4 in Fighting
   273 | D:1      | Reached skill level 4 in Unarmed Combat
   816 | D:1      | Reached XP level 3. HP: 33/33 MP: 3/3
  1133 | D:2      | Noticed Sigmund
  1163 | D:3      | Became a worshipper of Beogh the Brigand
  1163 | D:3      | Reached * piety under Beogh
  1163 | D:3      | Reached ** piety under Beogh
  1206 | D:3      | Noticed Robin
  1297 | D:2      | Reached XP level 4. HP: 41/41 MP: 4/4
  1308 | D:2      | Killed Robin
  1336 | D:2      | Reached skill level 5 in Unarmed Combat
  1562 | D:2      | Noticed Jessica
  1845 | D:3      | Reached skill level 1 in Invocations
  1868 | D:3      | Reached XP level 5. HP: 36/47 MP: 4/6
  2110 | D:3      | Reached skill level 2 in Invocations
  2583 | D:4      | Reached skill level 5 in Fighting
  2608 | D:4      | Noticed an ogre
  2616 | D:4      | Reached *** piety under Beogh
  2617 | D:4      | Reached skill level 3 in Invocations
  2617 | D:4      | Reached XP level 6. HP: 55/56 MP: 8/8
  2624 | D:4      | Reached skill level 1 in Armour
  2760 | D:4      | Reached skill level 6 in Unarmed Combat
  2829 | D:4      | Reached skill level 4 in Invocations
  3071 | D:4      | Found a sacrificial altar of Ru.
  3090 | D:4      | Noticed Eustachio
  3120 | D:4      | Reached XP level 7. HP: 38/58 MP: 10/10
  3234 | D:4      | Killed Eustachio
  3235 | D:4      | Reached skill level 2 in Armour
  3485 | D:5      | Entered Level 5 of the Dungeon
  3485 | D:5      | Noticed Dowan
  3488 | D:5      | Noticed Duvessa
  3606 | D:5      | Reached skill level 5 in Invocations
  4063 | D:5      | Killed Duvessa
  4064 | D:5      | Reached skill level 6 in Fighting
  4064 | D:5      | Reached skill level 7 in Unarmed Combat
  4064 | D:5      | Reached XP level 8. HP: 42/70 MP: 12/12
  4070 | D:5      | Killed Dowan
  4071 | D:5      | Reached skill level 6 in Invocations
  4220 | D:5      | Noticed a two-headed ogre
  4351 | D:5      | Reached skill level 3 in Armour
  4360 | D:5      | Slain by a two-headed ogre

Vanquished Creatures
  Eustachio (D:4)
  Duvessa (D:5)
  An orc warrior (D:5)
  An ice beast (D:5)
  An ogre (D:4)
  Dowan (D:5)
  A howler monkey (D:5)
  4 hounds (D:2 D:4)
  A jelly (D:5)
  A gnoll bouda (D:3)
  4 iguanas (D:4 D:5)
  A sleepcap (D:5)
  An orc wizard (D:3)
  Robin (D:2)
  7 gnolls (D:3 D:4)
  3 adders (D:3 D:4)
  2 ufetubi (D:5 D:4)
  2 worms (D:3 D:4)
  4 dart slugs (D:1 D:2 D:4)
  6 orcs (D:3 D:4)
  7 endoplasms (D:1 D:2 D:3 D:4)
  11 goblins (D:1 D:2 D:3)
  7 hobgoblins (D:2 D:3 D:4)
  2 jackals (D:1)
  A quokka (D:4)
  4 ball pythons (D:1 D:3 D:4)
  7 bats (D:1 D:3)
  2 frilled lizards (D:1)
  3 kobolds (D:1 D:2 D:4)
  A rat (D:3)
89 creatures vanquished.

Vanquished Creatures (collateral kills)
  An orc (D:5)
1 creature vanquished.

Vanquished Creatures (others)
  2 orc priests (D:3 D:5)
  An orc wizard (D:5)
  A dart slug (D:3)
  4 orcs (D:3 D:5)
  A goblin (D:3)
  A quokka (D:3)
10 creatures vanquished.

Grand Total: 100 creatures vanquished

Table legend: (Time is in decaauts)
 A = Elapsed time spent in this place.
 B = Non-inter-level travel time spent in this place.
 C = Inter-level travel time spent in this place.
 D = Time resting spent in this place.
 E = Time spent auto-exploring this place.
 F = Levels seen in this place.
 G = Mean time per level.
                   A        B        C        D        E       F      G
               +--------+--------+--------+--------+--------+-----+--------+
         Total |   4348 |   4064 |    284 |    634 |   2388 |   5 |  869.6 |
       Dungeon |   4348 |   4064 |    284 |    634 |   2388 |   5 |  869.6 |
               +--------+--------+--------+--------+--------+-----+--------+

Top non-repeatable levels by time:
     D:3: 1233 daAuts
     D:1: 1029 daAuts
     D:4: 1028 daAuts
     D:5: 757 daAuts
     D:2: 299 daAuts

Table legend:
 A = Non-vault XP
 B = Vault XP
 C = Vault XP percentage of total XP
 D = Non-vault monster count
 E = Vault monster count
 F = Vault count percentage of total count
                 A         B        C        D         E       F
            +---------+---------+-------+---------+---------+-------
      Total |     912 |     699 |  43.4 |      70 |      20 |  22.2
            +---------+---------+-------+---------+---------+-------
        D:1 |      36 |       0 |   0.0 |      20 |       0 |   0.0
        D:2 |      55 |      29 |  34.5 |       6 |       9 |  60.0
        D:3 |     146 |       4 |   2.7 |      17 |       2 |  10.5
        D:4 |     394 |     216 |  35.4 |      21 |       3 |  12.5
        D:5 |     281 |     450 |  61.6 |       6 |       6 |  50.0
            +---------+---------+-------+---------+---------+-------
